 Dungeon Crawl Stone Soup version 0.19-a0-1225-gf887c1c (webtiles) character file.

68 PurpleRed the Conjurer (level 4, 0/24 HPs)
             Began as a Deep Elf Conjurer on Aug 25, 2016.
             Was an Initiate of Vehumet.
             Killed from afar by Sigmund (7 damage)
             ... with a magic dart
             ... on level 3 of the Dungeon.
             The game lasted 00:03:52 (492 turns).

PurpleRed the Conjurer (Deep Elf Conjurer)           Turns: 492, Time: 00:03:53

Health: 0/24       AC:  2    Str:  5    XL:     4   Next: 1%
Magic:  3/12       EV: 13    Int: 21    God:    Vehumet [......]
Gold:   40         SH:  0    Dex: 15    Spells: 3 memorised, 4 levels left

rFire  . . .     SeeInvis .     e - +0 dagger
rCold  . . .     Gourm    .     a - +0 robe
rNeg   . . .     Faith    .     (no shield)
rPois  .         Spirit   .     (no helmet)
rElec  .         Dismiss  .     (no cloak)
rCorr  .         Reflect  .     (no gloves)
MR     .....     Harm     .     (no boots)
Stlth  ++........               (no amulet)
                                (no ring)
                                (no ring)

@: no status effects
A: no striking features
a: Renounce Religion


You were on level 3 of the Dungeon.
You worshipped Vehumet.
Vehumet was noncommittal.
You were not hungry.

You visited 1 branch of the dungeon, and saw 3 of its levels.

You collected 40 gold pieces.

Inventory:

Hand Weapons
 e - a +0 dagger (weapon)
 h - a +0 spear
Armour
 a - a +0 robe (worn)
Wands
 i - a wand of flame (31/48)
 j - a wand of lightning (5/15)
Scrolls
 g - a scroll of fear {unknown}
 k - a scroll of remove curse {unknown}
 m - a scroll of blinking {unknown}
Potions
 f - a potion of magic {unknown}
 l - a potion of mutation {unknown}
Books
 b - a book of Conjurations

   Spells                             Type                      Level
   a - Magic Dart                     Conjuration                  1
   b - Searing Ray                    Conjuration                  2
   c - Dazzling Spray                 Conjuration/Hexes            3
   d - Fulminant Prism                Conjuration/Hexes            4
   e - Iskenderun's Mystic Blast      Conjuration                  4
   f - Iskenderun's Battlesphere      Conjuration/Charms           5
Comestibles
 c - 2 bread rations
 d - a slice of pizza


   Skills:
 - Level 2.4 Dodging
 - Level 2.4 Stealth
 + Level 4.1 Spellcasting
 * Level 5.6 Conjurations


You had 4 spell levels left.
You knew the following spells:

 Your Spells              Type           Power        Failure   Level  Hunger
a - Magic Dart            Conj           ####         1%          1    None
b - Searing Ray           Conj           ####..       1%          2    #......
c - Iskenderun's Mystic   Conj           ####....     14%         4    ####...


Dungeon Overview and Level Annotations

Branches:
Dungeon (3/15)

Altars:
Vehumet

Annotations:
D:3 Sigmund


Message History

Sigmund is heavily wounded.
Sigmund says, "Don't worry, I'll kill you fast."
Casting: Magic Dart
Confirm with . or Enter, or press ? or * to list all spells.
Aiming: Searing Ray
Press: ? - help, Shift-Dir - straight line, f/p - Sigmund
Aim: Sigmund, wielding a scythe and wearing a robe (heavily wounded)
The searing ray hits Sigmund.
Sigmund is severely wounded.
The searing ray misses Sigmund.
Sigmund points at you and mumbles some strange words.
The puff of flame hits you!
* * * LOW HITPOINT WARNING * * *
A hobgoblin comes into view. It is wielding a club.
The searing ray hits Sigmund.
Sigmund is almost dead.
The hobgoblin shouts!
Sigmund points at you and mumbles some strange words.
The magic dart hits you!
You die...

###### ......####
####....#
#..@..@.####
.g.#####....### #
#.(.#+##...### #...#
###...# #...# #.##(.#
#...# #[.'..# ..
#...# #.##..# #..#
#†..# ###...#
#...####.†.####...#.#


You could see Sigmund and a hobgoblin.

Vanquished Creatures
  A jelly (D:3)
  An adder (D:2)
  An ooze (D:2)
  A worm (D:2)
  A dart slug (D:1)
  3 bats
  A goblin (D:2)
  2 hobgoblins (D:2)
  2 jackals
  3 kobolds
  A giant newt (D:3)
  3 rats
20 creatures vanquished.

Notes
Turn   | Place    | Note
-------+----------+-------------------------------------------
     0 | D:1      | PurpleRed the Deep Elf Conjurer began the quest for the Orb.
     0 | D:1      | Reached XP level 1. HP: 10/10 MP: 6/6
   112 | D:2      | Reached XP level 2. HP: 9/15 MP: 2/8
   116 | D:2      | Learned a level 2 spell: Searing Ray
   148 | D:2      | Reached skill level 5 in Conjurations
   200 | D:2      | Found a radiant altar of Vehumet.
   328 | D:1      | Reached XP level 3. HP: 9/19 MP: 5/10
   402 | D:2      | Became a worshipper of Vehumet
   469 | D:3      | Reached XP level 4. HP: 21/24 MP: 8/12
   475 | D:3      | Learned a level 4 spell: Iskenderun's Mystic Blast
   484 | D:3      | Noticed Sigmund
   492 | D:3      | Killed from afar by Sigmund

Vault maps used:
D:1:      erik_arrival_triangle_medium
D:2:      nicolae_overflow_hidden_temple, ecumenical_altar_1,
          hangedman_abyss_or_decor_stabs
D:3:      grunt_ministairs_13, minmay_misc_feat_rugged, minmay_divided_ellipse,
          uniq_natasha, uniq_jessica, uniq_iyjb, uniq_sigmund

Skill      XL: |  1  2  3 |
---------------+----------+-----
Conjurations   | 5 |  5.6
Spellcasting   | 4 |  4.1
Dodging        | |  2.4
Stealth        | |  2.4

Action                   |  1- 3 |  4- 6 || total
-------------------------+-------+-------++-------
Melee: Dagger            |    16 |       ||    16
 Cast: Magic Dart        |    32 |     4 ||    36
       Searing Ray       |     2 |     1 ||     3
Evoke: Wand              |     1 |       ||     1
Armor: Robe              |     5 |       ||     5
Dodge: Dodged            |    18 |       ||    18
